 Dungeon Crawl Stone Soup version 0.28-a0-224-g76b539d98b (webtiles) character file.

Game seed: 4863123535710970135

9606 rabbitsville the Cleaver (level 11, -9/102 HPs)
             Began as a Minotaur Fighter on Aug 20, 2021.
             Was a Priest of Makhleb.
             Mangled by a two-headed ogre (12 damage)
             ... on level 10 of the Dungeon on Aug 21, 2021.
             The game lasted 00:48:22 (11971 turns).

rabbitsville the Cleaver (Minotaur Fighter)        Turns: 11971, Time: 00:48:23

Health: -9/102     AC: 11    Str: 24    XL:     11   Next: 25%
Magic:  10/10      EV:  9    Int:  5    God:    Makhleb [***...]
Gold:   1691       SH:  0    Dex: 10    Spells: 10/10 levels left

rFire   . . .      SeeInvis +   e - +1 executioner's axe (vamp)
rCold   . . .      Faith    .   (shield currently unavailable)
rNeg    + . .      Spirit   .   b - +0 scale mail
rPois   .          Reflect  .   (helmet restricted)
rElec   .          Harm     .   (no cloak)
rCorr   .          Rampage  .   J - +2 pair of gloves
Will    .....                   h - +0 pair of boots
Stlth   ..........              (no amulet)
HPRegen 0.27/turn               p - ring of positive energy
MPRegen 0.12/turn               x - ring of see invisible

@: no status effects
A: horns 2, retaliatory headbutt
a: Renounce Religion, Minor Destruction, Lesser Servant of Makhleb


You were on level 10 of the Dungeon.
You worshipped Makhleb.
Makhleb was most pleased with you.
You visited 2 branches of the dungeon, and saw 11 of its levels.
You also visited: Sewer.

You collected 1733 gold pieces.
You spent 42 gold pieces at shops.

Inventory:

Hand Weapons
 a - a +0 war axe
 e - a +1 vampiric executioner's axe (weapon)
 G - a +2 war axe of draining
Missiles
 j - 57 poisoned darts (quivered)
 L - a throwing net
Armour
 b - a +0 scale mail (worn)
 c - a +0 kite shield
 h - a +0 pair of boots (worn)
 J - a +2 pair of gloves (worn)
Jewellery
 p - a ring of positive energy (left hand)
 x - a ring of see invisible (right hand)
Wands
 d - a wand of charming (12)
 m - a wand of flame (35)
 t - a wand of digging (4)
 u - a wand of iceblast (8)
 F - a wand of polymorph (4)
 H - a wand of paralysis (4)
 I - a wand of acid (9)
Scrolls
 g - 2 scrolls of noise
 i - 2 scrolls of immolation {unknown}
 k - a scroll of holy word {unknown}
 r - 2 scrolls of vulnerability
 s - a scroll of torment {unknown}
 v - a scroll of fear {unknown}
 y - 2 scrolls of enchant weapon
 z - 10 scrolls of teleportation
 A - a scroll of silence {unknown}
 B - a scroll of magic mapping {unknown}
 D - 3 scrolls of enchant armour
 E - a scroll of fog {unknown}
 K - a scroll of blinking {unknown}
Potions
 f - 5 potions of lignification
 l - 4 potions of ambrosia
 n - a potion of haste
 o - 6 potions of curing
 q - 2 potions of brilliance
 w - 2 potions of mutation
 C - a potion of invisibility
 M - a potion of flight
Miscellaneous
 N - a box of beasts


   Skills:
 + Level 11.1 Fighting
 * Level 14.4 Axes
 - Level 3.6 Armour
 - Level 10.6 Shields
 + Level 2.2 Evocations


You had 10 spell levels left.
You didn't know any spells.
Your spell library contained the following spells:

 Spells                   Type           Power      Damage    Failure   Level
 Animate Skeleton         Necr           0%         N/A       77%         1
 Pain                     Necr           0%         1d4       77%         1
 Sting                    Tmut/Pois      0%         1d3       77%         1
 Corpse Rot               Necr/Air       N/A        N/A       88%         2
 Ensorcelled Hibernation  Hex/Ice        0%         N/A       88%         2
 Poisonous Vapours        Pois/Air       0%         N/A       88%         2
 Spider Form              Tmut/Pois      0%         N/A       98%         3
 Vampiric Draining        Necr           0%         2d6       98%         3
 Olgreb's Toxic Radiance  Pois           0%         N/A       100%        4
 Freezing Cloud           Conj/Ice/Air   0%         6-21      100%        5
 Shadow Creatures         Summ           N/A        N/A       100%        6


Dungeon Overview and Level Annotations

Branches:
Dungeon (10/15)            Temple (1/1) D:5            Lair (0/6) D:10
  Sewer (visited)
    Orc: D:9-12

Altars:
Ashenzari
Cheibriados
Dithmenos
Elyvilon
Fedhas
Gozag
Hepliaklqana
Kikubaaqudgha
Makhleb
Nemelex Xobeh
Okawaru
Qazlal
Ru
Sif Muna
Trog
Uskayaw
Vehumet
Wu Jian
Xom
Yredelemnul
Zin
The Shining One

Shops:
D:1 :   D:2 !   D:10 [(


Innate Abilities, Weirdness & Mutations

You have a pair of horns on your head.
You reflexively headbutt those who attack you in melee.


Message History

Okay, then.
Things that are here:
a +0 dagger; a +0 robe
Found 21 sling bullets.
You start resting.
A two-headed ogre comes into view. It is wielding two +0 giant clubs.
Found a stone staircase leading down.
You hit the two-headed ogre but do no damage.
You headbutt the two-headed ogre, but do no damage.
The two-headed ogre barely misses you.
The two-headed ogre completely misses you.
You slash the two-headed ogre!
The two-headed ogre is moderately wounded.
The two-headed ogre barely misses you. You furiously retaliate!
You headbutt the two-headed ogre!
The two-headed ogre hits you with a +0 giant club!
You slash the two-headed ogre!
You feel better.
The two-headed ogre is severely wounded.
The two-headed ogre hits you with a +0 giant club!!
The two-headed ogre barely misses you.
You barely miss the two-headed ogre.
The two-headed ogre is severely wounded.
The two-headed ogre barely misses you.
The two-headed ogre hits you with a +0 giant club!
You barely miss the two-headed ogre. You headbutt the two-headed ogre.
The two-headed ogre is severely wounded.
The two-headed ogre hits you with a +0 giant club!
* * * LOW HITPOINT WARNING * * *
The two-headed ogre hits you with a +0 giant club!
* * * LOW HITPOINT WARNING * * *
You hit the two-headed ogre.
You feel better.
The two-headed ogre is almost dead.
The two-headed ogre hits you with a +0 giant club!
* * * LOW HITPOINT WARNING * * *
The two-headed ogre hits you but does no damage.
You feel much better.
The two-headed ogre hits you with a +0 giant club!!
* * * LOW HITPOINT WARNING * * *
The two-headed ogre hits you with a +0 giant club!
You die...

.## ..# # ..
..####.# ### .#
...)...### #.. ..
.#####..... #.# .#
..######.## #(# .#
.........####.###.##
..######...........#
.## #....).....@O.#
.# #.#)####.###...#
.# #.#.# #...
......> .# #.#.#
#####...#### .#
###.#.# ...# .#
#.....# .... .#
#.#.#.# ..... .#
#.#.#.# ...... ..
#.#...#


You could see a two-headed ogre.

Vanquished Creatures
  2 two-headed ogres
  Joseph (D:8)
  Maggie (D:8)
  A kobold demonologist (D:9)
  A troll (D:9)
  Grinder (D:4)
  Sigmund (D:5)
  2 wraiths
  4 wyverns
  Eustachio (D:5)
  12 yaks
  A steam dragon (D:9)
  A vampire mosquito (D:9)
  A water moccasin (D:7)
  Purgy (Sewer)
  2 sky beasts
  An orc warrior (D:6)
  2 ice beasts
  A necrophage (D:6)
  2 ogres (D:4)
  5 centaurs
  2 phantoms (D:6)
  2 kobold brigands
  2 bullfrogs (D:7)
  A gnoll sergeant (D:9)
  A killer bee (D:9)
  13 wights (D:8)
  An electric eel (D:7)
  7 howler monkeys
  A jelly (D:6)
  A bullfrog skeleton (D:5)
  A bullfrog zombie (D:5)
  2 centaur zombies (D:9)
  3 hounds
  7 orc priests
  2 centaur skeletons (D:4)
  3 iguanas
  Natasha (thrice) (D:4)
  9 orc wizards
  A hound skeleton (D:4)
  Robin (D:4)
  3 howler monkey zombies (D:9)
  A gnoll (D:1)
  7 adders
  2 ufetubi
  3 worms
  4 dart slugs
  28 orcs
  5 bats
  8 endoplasms
  3 giant cockroaches
  14 goblins
  11 hobgoblins
  14 jackals
  3 quokkas
  9 ball pythons
  5 frilled lizards
  17 kobolds
  2 rats
  A bush (D:2)
247 creatures vanquished.

Vanquished Creatures (others)
  8 plants
8 creatures vanquished.

Grand Total: 255 creatures vanquished

Notes
Turn   | Place    | Note
-------+----------+-------------------------------------------
     0 | D:1      | rabbitsville the Minotaur Fighter began the quest for the
                  | Orb.
     0 | D:1      | Reached XP level 1. HP: 19/19 MP: 0/0
    41 | D:1      | Reached skill level 3 in Axes
    41 | D:1      | Reached XP level 2. HP: 10/27 MP: 1/1
   301 | D:1      | Found a faded altar of an unknown god.
   482 | D:1      | Found Keynloxa's Book Shop.
   598 | D:1      | Reached XP level 3. HP: 32/33 MP: 2/2
   998 | D:2      | Reached skill level 4 in Axes
  1149 | D:2      | Reached XP level 4. HP: 27/41 MP: 3/3
  1475 | D:2      | Found Gayjegh's Distillery.
  1481 | D:2      | Bought a potion of curing for 42 gold pieces
  1970 | D:3      | Reached XP level 5. HP: 47/47 MP: 4/4
  2158 | D:3      | Reached skill level 5 in Axes
  2538 | D:4      | Noticed Grinder
  2540 | D:4      | Paralysed by Grinder for 2 turns
  2556 | D:4      | Killed Grinder
  2557 | D:4      | Reached skill level 5 in Fighting
  2557 | D:4      | Reached skill level 6 in Axes
  2557 | D:4      | Reached skill level 5 in Shields
  2557 | D:4      | Reached XP level 6. HP: 23/56 MP: 5/5
  2963 | D:4      | Found a radiant altar of Vehumet.
  3046 | D:4      | Reached XP level 7. HP: 62/62 MP: 6/6
  3115 | D:4      | Found a burning altar of Makhleb.
  3130 | D:4      | Became a worshipper of Makhleb the Destroyer
  3152 | D:4      | Reached skill level 7 in Axes
  3456 | D:4      | Noticed Robin
  3462 | D:4      | Noticed Natasha
  3467 | D:4      | Killed Robin
  3483 | D:4      | Killed Natasha
  3825 | D:4      | Identified the +0 leather armour "Jepta" {Stlth+}
  3895 | D:4      | Found a snail-covered altar of Cheibriados.
  3925 | D:4      | Noticed Natasha
  3930 | D:4      | Killed Natasha
  4123 | D:4      | Noticed Natasha
  4130 | D:4      | Killed Natasha
  4136 | D:5      | Entered Level 5 of the Dungeon
  4136 | D:5      | Noticed Eustachio
  4147 | D:5      | Reached * piety under Makhleb
  4198 | D:5      | Killed Eustachio
  4199 | D:5      | Reached skill level 8 in Axes
  4199 | D:5      | Reached XP level 8. HP: 48/71 MP: 7/7
  4255 | D:5      | Noticed Sigmund
  4266 | D:5      | Killed Sigmund
  4709 | D:5      | Found a staircase to the Ecumenical Temple.
  4911 | Temple   | Entered the Ecumenical Temple
  5091 | D:6      | Reached skill level 9 in Axes
  5162 | D:6      | Found a glowing drain.
  5176 | Sewer    | Entered a sewer
  5310 | Sewer    | Noticed Purgy
  5317 | Sewer    | Killed Purgy
  5776 | Sewer    | Upgraded the game from 0.28-a0-206-gc2c9e32840 to
                  | 0.28-a0-224-g76b539d98b
  5841 | D:6      | Found a shadowy altar of Dithmenos.
  5912 | D:6      | Reached skill level 10 in Axes
  6112 | D:6      | Reached XP level 9. HP: 67/81 MP: 8/8
  7315 | D:7      | Reached skill level 11 in Axes
  8238 | D:8      | Noticed Joseph
  8520 | D:8      | Reached ** piety under Makhleb
  8627 | D:8      | Noticed Maggie
  8641 | D:8      | Killed Maggie
  8646 | D:8      | Paralysed by Joseph for 2 turns
  8650 | D:8      | Paralysed by Joseph for 3 turns
  8958 | D:8      | Killed Joseph
  8959 | D:8      | Reached skill level 12 in Axes
  9356 | D:8      | Reached XP level 10. HP: 71/88 MP: 9/9
  9356 | D:8      | Noticed a two-headed ogre
  9369 | D:8      | Killed a two-headed ogre
 10490 | D:9      | Reached skill level 10 in Fighting
 10490 | D:9      | Reached skill level 10 in Shields
 10492 | D:9      | Reached skill level 13 in Axes
 10653 | D:9      | Noticed a two-headed ogre
 10662 | D:9      | Killed a two-headed ogre
 10952 | D:9      | Found a broken altar of Ashenzari.
 11137 | D:9      | Reached *** piety under Makhleb
 11300 | D:9      | Reached XP level 11. HP: 97/101 MP: 10/10
 11302 | D:9      | Reached skill level 14 in Axes
 11302 | D:9      | Reached skill level 1 in Evocations
 11390 | D:10     | Entered Level 10 of the Dungeon
 11500 | D:10     | Found a staircase to the Lair.
 11611 | D:10     | Found Xeoq's Weapon Shoppe.
 11631 | D:10     | Identified 2 scrolls of acquirement
 11633 | D:10     | Acquired 1114 gold pieces
 11637 | D:10     | Acquired a +1 vampiric executioner's axe
 11707 | D:10     | Found a glowing silver altar of Zin.
 11738 | D:10     | Found Xeor's Antique Armour Boutique.
 11961 | D:10     | Noticed a two-headed ogre
 11971 | D:10     | HP: 3/102 [two-headed ogre (20)]
 11971 | D:10     | Mangled by a two-headed ogre

Illustrated notes

Levels and vault maps discovered:
D:1:      psy_arrival_dodecagon, layout_loops_ring,
          hellmonk_ecumenical_altar_zigzags, serial_shops, nicolae_shop_trees,
          minivault_19
D:2:      layout_basic, serial_shops, shop, serial_forest,
          infiniplex_forest_clump_double, infiniplex_forest_end_3,
          infiniplex_forest_straight_4, infiniplex_forest_fountain
D:3:      layout_loops_cross, minmay_between
D:4:      layout_basic, makhleb_heckhound_becter, vehumet_altar_wand_db,
          lemuel_tele_altar, serial_bayou_lagoon_b, uniq_grinder, uniq_natasha,
          uniq_robin
D:5:      layout_cave_pools, minmay_temple_entry_mist, uniq_eustachio,
          uniq_sigmund
D:6:      layout_basic, grunt_dithmenos_shadows, portal_sewer_entry_d
D:7:      layout_loops_cross, kennysheep_minor_cross
D:8:      layout_loops_ring, grunt_decor_junction, uniq_maggie, uniq_joseph
D:9:      minmay_s_stair_smasher, layout_rooms, evilmike_ruin_ashenzari,
          lightli_orcish_oven
D:10:     layout_loops_ring, mainiacjoe_overflow_cross_hatched,
          lair_entry_dummy, serial_shops, shop_fountains,
          nicolae_take_the_stairs
Temple:   eino_temple_rhombus

Skill      XL: |  1  2  3  4  5  6  7  8  9 10 11 |
---------------+----------------------------------+-----
Axes           | 3 4 6 8 10 12 13 14 | 14.4
Shields        | 4 5 6 8 9 10 | 10.6
Fighting       | 4 5 6 7 9 10 11 | 11.1
Evocations     | 2 |  2.2
Armour         | |  3.6

Action                   |  1- 3 |  4- 6 |  7- 9 | 10-12 || total
-------------------------+-------+-------+-------+-------++-------
Melee: War axe           |    87 |   122 |   316 |   175 ||   700
       Headbutt          |    15 |    27 |    58 |    51 ||   151
       Executioner's axe |       |       |       |    41 ||    41
Throw: Dart              |       |     5 |       |     5 ||    10
  Use: Scroll            |       |     1 |     6 |     5 ||    12
       Potion            |       |     2 |     7 |     1 ||    10
Armor: Scale mail        |    49 |    33 |   112 |    71 ||   265
Dodge: Dodged            |    27 |    23 |    95 |    72 ||   217
Block: Kite shield       |    40 |    47 |   149 |    87 ||   323

Table legend: (Time is in decaauts)
 A = Elapsed time spent in this place.
 B = Non-inter-level travel time spent in this place.
 C = Inter-level travel time spent in this place.
 D = Time resting spent in this place.
 E = Time spent auto-exploring this place.
 F = Levels seen in this place.
 G = Mean time per level.
                   A        B        C        D        E       F      G
               +--------+--------+--------+--------+--------+-----+--------+
         Total |  12227 |  11851 |    376 |   3299 |   4503 |  12 | 1018.9 |
       Dungeon |  11415 |  11048 |    367 |   2910 |   4287 |  10 | 1141.5 |
        Temple |    155 |    146 |      9 |      0 |    145 |   1 |  155.0 |
         Sewer |    656 |    656 |      0 |    389 |     71 |   1 |  656.0 |
               +--------+--------+--------+--------+--------+-----+--------+

Top non-repeatable levels by time:
     D:7: 2158 daAuts
     D:8: 1673 daAuts
     D:4: 1664 daAuts
     D:1: 990 daAuts
     D:9: 961 daAuts
     D:6: 948 daAuts
     D:2: 918 daAuts
     D:5: 787 daAuts
     D:3: 721 daAuts
   Sewer: 656 daAuts
    D:10: 590 daAuts
  Temple: 155 daAuts
